 Dungeon Crawl Stone Soup version 0.27-a0-705-ga0013940fb (webtiles) character file.

Game seed: 959632795259479662

5723 Lanoc the Tainter (level 11, -3/68 HPs)
             Began as a Human Venom Mage on Mar 22, 2021.
             Was a Follower of Fedhas.
             Killed from afar by Fannar (34 damage)
             ... with a bolt of cold
             ... on level 10 of the Dungeon.
             The game lasted 00:19:58 (14316 turns).

Lanoc the Tainter (Human Venom Mage)               Turns: 14316, Time: 00:19:59

Health: -3/68      AC:  8    Str: 10      XL:     11   Next: 5%
Magic:  15/23      EV: 15    Int: 18      God:    Fedhas [*.....]
Gold:   540        SH:  5    Dex: 14 (15) Spells: 3/14 levels left

rFire    . . .     SeeInvis .   v - +1 whip (elec)
rCold    . . .     Faith    .   (no shield)
rNeg     . . .     Spirit   .   q - +3 leather armour of the Durable Dolphin {Will+ Dex+2}
rPois    .         Reflect  +   r - +1 helmet
rElec    .         Harm     .   (no cloak)
rCorr    .         Rampage  .   (no gloves)
Will     ++...                  (no boots)
Stlth    ++........             y - amulet of reflection
HPRegen  0.21/turn              I - ring of magical power
MPRegen  0.18/turn              z - ring of willpower

@: no status effects
A: no striking features
a: Renounce Religion


You were on level 10 of the Dungeon.
You worshipped Fedhas.
Fedhas was aware of your devotion.
You visited 1 branch of the dungeon, and saw 10 of its levels.

You collected 540 gold pieces.

Inventory:

Hand Weapons
 v - a +1 whip of electrocution (weapon)
Armour
 q - the +3 leather armour of the Durable Dolphin (worn) {Will+ Dex+2}
   (You found it on level 4 of the Dungeon)

   It affects your dexterity (+2).
   It affects your willpower, your defense against some magical effects.
 r - a +1 helmet (worn)
Jewellery
 g - a ring of protection from cold
 y - an amulet of reflection (around neck)
 z - a ring of willpower (left hand)
 C - a ring of poison resistance
 G - a +6 ring of dexterity
 I - a ring of magical power (right hand)
 O - a ring of protection from cold
Wands
 u - a wand of random effects (37)
 B - a wand of polymorph (10)
 E - a wand of digging (4)
 F - a wand of mindburst (7)
 L - a wand of paralysis (12)
 N - a wand of flame (40)
Scrolls
 b - a scroll of silence {unknown}
 c - 8 scrolls of identify {unknown}
 d - a scroll of magic mapping {unknown}
 i - 3 scrolls of brand weapon {unknown}
 j - a scroll of acquirement {unknown}
 l - 7 scrolls of amnesia {unknown}
 m - 2 scrolls of vulnerability {unknown}
 n - 2 scrolls of enchant armour {unknown}
 p - a scroll of fear {unknown}
 s - a scroll of torment {unknown}
 D - 2 scrolls of noise {unknown}
 H - a scroll of immolation {unknown}
Potions
 a - 2 potions of haste {unknown}
 e - 5 potions of attraction {unknown}
 f - 3 potions of heal wounds
 h - 4 potions of lignification {unknown}
 k - a potion of magic {unknown}
 o - a potion of might {unknown}
 t - 2 potions of mutation {unknown}
 w - 2 potions of cancellation {unknown}
 x - 4 potions of curing
 A - a potion of ambrosia {unknown}
 J - 3 potions of flight {unknown}
 K - a potion of resistance {unknown}
 M - a potion of degeneration {unknown}


   Skills:
 + Level 9.0 Dodging
 - Level 2.0 Stealth
 - Level 2.0 Spellcasting
 - Level 1.0 Transmutations
 * Level 12.4 Poison Magic
 + Level 4.8 Invocations


You had 3 spell levels left.
You knew the following spells:

 Your Spells              Type           Power      Damage    Failure   Level
a - Sting                 Tmut/Pois      100%       1d8       1%          1
b - Olgreb's Toxic Radia  Pois           46%        N/A       1%          4
c - Ignite Poison         Fire/Tmut/Pois 17%        N/A       12%         3
d - Mephitic Cloud        Conj/Pois/Air  16%        N/A       14%         3

Your spell library contained the following spells:

 Spells                   Type           Power      Damage    Failure   Level
 Poisonous Vapours        Pois/Air       48%        N/A       3%          2
 Animate Skeleton         Necr           2%         N/A       24%         1
 Pain                     Necr           4%         1d4       24%         1
 Confusing Touch          Hex            1%         N/A       58%         3
 Conjure Flame            Conj/Fire      1%         6-21      58%         3
 Gell's Gravitas          Tloc           0%         N/A       58%         3
 Vampiric Draining        Necr           0%         2d6       58%         3
 Petrify                  Tmut/Erth      3%         N/A       89%         4
 Animate Dead             Necr           0%         N/A       94%         4
 Yara's Violent Unravell  Hex/Tmut       1%         3d3       99%         5
 Agony                    Necr           1%         N/A       100%        5
 Metabolic Englaciation   Hex/Ice        0%         N/A       100%        5
 Freezing Cloud           Conj/Ice/Air   0%         6-21      100%        6


Dungeon Overview and Level Annotations

Branches:
Dungeon (10/15)              Lair (0/6) D:9
 Temple: D:4-7          Orc: D:9-12

Altars:
Cheibriados
Dithmenos
Fedhas
Hepliaklqana
Qazlal
Xom

Annotations:
D:2 Robin
D:3 Grinder, Natasha
D:10 Fannar


Message History

Fannar the Cold-Hearted comes into view.
They are wielding a +0 quarterstaff of freezing and wearing a +2 robe of cold resistance.
Found a potion of curing.
Fannar shouts!
Fannar casts a spell.
You see here the +2 scale mail "Icres" {rC- Dex+4}.
Casting: Olgreb's Toxic Radiance (dangerous; 1% risk of failure)
Confirm with . or Enter, or press ? or * to list all spells.
You begin to radiate toxic energy.
Fannar is poisoned.
Fannar looks even sicker.
Your toxic aura wanes.
Found a wand of flame (20).
Fannar mumbles some strange words.
You see here a wand of flame (20).
N - a wand of flame (40) (gained 20 charges)
Casting: Olgreb's Toxic Radiance (dangerous; 1% risk of failure)
Confirm with . or Enter, or press ? or * to list all spells.
You begin to radiate toxic energy.
The ice beast hits you but does no damage.
Fannar looks even sicker.
Your toxic aura wanes.
Press: ? - help, v - describe, . - travel
Here: Fannar, wielding a +0 quarterstaff of freezing, wearing a +2 robe of cold resistance and wearing a ring of ice (moderately wounded, covered in an icy film, poisoned)
The floor.
Casting: Olgreb's Toxic Radiance (dangerous; 1% risk of failure)
Confirm with . or Enter, or press ? or * to list all spells.
You begin to radiate toxic energy.
Fannar looks even sicker.
Fannar mumbles some strange words.
Fannar drains the heat from the surrounding environment!
Fannar looks even sicker.
Fannar says, "Freeze!"
Fannar looks as sick as possible!
Your toxic aura wanes.
Fannar gestures wildly while chanting.
Fannar drains the heat from the surrounding environment!
Fannar gestures at you while chanting.
The bolt of cold hits the ice beast.
The ice beast completely resists.
The bolt of cold hits you!!
Ouch! That really hurt!
You die...
Fedhas appreciates your contribution to the ecosystem.

......# #.# #.......(# ## #######
#.# #.##.###.# # # ###.#
#.#...##.# # ## #...# #.#.#.##.#
## .## #.### #.#...##.# ##. ..##
##.# #.##.###.# ##.. ...## ##..#
#.##.##..# ##...
....####...######........####....
...>+..........Y@........†..'...†
....####...e########.#...####....
...######.#.# #........## ##...
Y.e..Y.####.# #.###.##.### ##..
.#####e# #e# #.# #....>.# ##. .#
#.# #Y# #.######.#)# ## .#
###.####.# #........#.# # .#
#....e...# ##########.# # .#
#.#.###### #.# ##


You could see Fannar (icy armour, very poisoned) and an ice beast (summoned).

Vanquished Creatures
  Pikel (D:5)
  A centaur zombie (D:10)
  2 trolls (D:9)
  A hornet (D:8)
  Sigmund (D:3)
  4 yaks (D:9)
  2 wargs (D:9)
  Duvessa (D:5)
  An orc warrior (D:9)
  A sky beast (D:9)
  A black bear (D:7)
  An ice beast (D:10)
  A necrophage (D:8)
  An ogre (D:4)
  4 centaurs
  2 phantoms (D:7)
  2 lemures (D:5)
  A kobold brigand (D:7)
  3 bullfrogs
  Blork the orc (D:5)
  3 scorpions
  Dowan (D:5)
  3 killer bees (D:10)
  9 wights
  2 bullfrog zombies (D:9)
  3 quasits
  6 hounds
  3 jellies
  2 bullfrog skeletons (D:5)
  2 orc priests
  A centaur skeleton (D:7)
  A gnoll shaman (D:9)
  Jessica (D:2)
  Natasha (D:3)
  4 orc wizards
  8 worker ants
  A hound skeleton (D:10)
  7 gnolls
  9 adders
  A shadow imp (D:7)
  3 white imps
  An ufetubus (D:5)
  3 adder zombies
  3 worms
  2 dart slugs
  16 orcs
  8 ball pythons
  4 bats
  4 giant cockroaches
  13 goblins
  13 hobgoblins
  11 jackals
  12 kobolds
  9 oozes
  12 quokkas
  3 frilled lizards
  A quokka skeleton (D:4)
  A quokka zombie (D:5)
  6 rats
225 creatures vanquished.

Vanquished Creatures (others)
  5 fungi (D:6)
  5 plants
10 creatures vanquished.

Grand Total: 235 creatures vanquished

Notes
Turn   | Place    | Note
-------+----------+-------------------------------------------
     0 | D:1      | Lanoc the Human Venom Mage began the quest for the Orb.
     0 | D:1      | Reached XP level 1. HP: 13/13 MP: 3/3
   195 | D:1      | Reached XP level 2. HP: 19/19 MP: 0/5
   890 | D:1      | Reached XP level 3. HP: 21/24 MP: 1/6
  1392 | D:2      | Noticed Robin
  1733 | D:2      | Reached skill level 4 in Poison Magic
  1753 | D:2      | Noticed Jessica
  1760 | D:2      | Killed Jessica
  1761 | D:2      | Reached XP level 4. HP: 30/30 MP: 1/7
  2270 | D:2      | Reached XP level 5. HP: 34/35 MP: 1/8
  3198 | D:3      | Reached skill level 5 in Poison Magic
  3333 | D:3      | Noticed Sigmund
  3379 | D:3      | Killed Sigmund
  3380 | D:3      | Reached XP level 6. HP: 25/41 MP: 2/9
  3539 | D:3      | Reached skill level 6 in Poison Magic
  3776 | D:3      | Noticed Natasha
  3786 | D:3      | Killed Natasha
  3787 | D:3      | Reached XP level 7. HP: 41/46 MP: 3/10
  3800 | D:3      | Learned a level 4 spell: Olgreb's Toxic Radiance
  3964 | D:3      | Noticed Grinder
  4291 | D:3      | Noticed Natasha
  5508 | D:4      | Reached skill level 7 in Poison Magic
  5601 | D:4      | Found a snail-covered altar of Cheibriados.
  5603 | D:4      | Found a shadowy altar of Dithmenos.
  5696 | D:4      | Identified the +3 leather armour of the Durable Dolphin
                  | {Will+ Dex+2}
  6022 | D:5      | Entered Level 5 of the Dungeon
  6205 | D:5      | You fall into a shaft and drop 2 floors!
  6367 | D:6      | Reached skill level 5 in Dodging
  6393 | D:6      | Reached XP level 8. HP: 49/52 MP: 4/11
  6800 | D:5      | Noticed Duvessa
  6802 | D:5      | Noticed Dowan
  6815 | D:5      | Killed Dowan
  6816 | D:5      | Reached skill level 8 in Poison Magic
  6830 | D:5      | Killed Duvessa
  7281 | D:5      | Noticed Blork the orc
  7299 | D:5      | Killed Blork the orc
  8247 | D:5      | Noticed Pikel
  8257 | D:5      | Killed Pikel
  8258 | D:5      | Reached skill level 9 in Poison Magic
  8258 | D:5      | Reached XP level 9. HP: 22/57 MP: 4/12
  8902 | D:7      | Reached skill level 10 in Poison Magic
 10458 | D:6      | Found a shimmering altar of Xom.
 10478 | D:6      | Found a blossoming altar of Fedhas.
 10483 | D:6      | Found a stormy altar of Qazlal.
 10487 | D:6      | Became a worshipper of Fedhas Madash
 10834 | D:8      | Noticed a hornet
 10842 | D:8      | Killed a hornet
 10843 | D:8      | Reached skill level 11 in Poison Magic
 10843 | D:8      | Reached skill level 1 in Invocations
 10843 | D:8      | Reached XP level 10. HP: 22/63 MP: 8/13
 12079 | D:9      | Found a hazy altar of Hepliaklqana.
 12285 | D:9      | Reached * piety under Fedhas
 12337 | D:9      | Found a staircase to the Lair.
 12358 | D:9      | Reached skill level 12 in Poison Magic
 12423 | D:9      | Learned a level 3 spell: Ignite Poison
 12427 | D:9      | Learned a level 3 spell: Mephitic Cloud
 13403 | D:10     | Entered Level 10 of the Dungeon
 13445 | D:10     | Reached XP level 11. HP: 46/68 MP: 14/14
 14284 | D:10     | Noticed Fannar
 14285 | D:10     | Identified the +2 scale mail "Icres" {rC- Dex+4}
 14316 | D:10     | Killed from afar by Fannar

Illustrated notes

Levels and vault maps discovered:
D:1:      minmay_arrival_plants_in_alcoves, layout_basic, st_stairs_7
D:2:      layout_loops_ring, uniq_robin, uniq_jessica
D:3:      layout_basic, uniq_natasha, uniq_sigmund, uniq_grinder
D:4:      layout_gridville, chequers_temple_overflow_statue_of_worship,
          minmay_temple_entry_from_below_a, kennysheep_generic_room_5
D:5:      layout_basic, uniq_pikel, uniq_blork_the_orc, uniq_duvessa
D:6:      layout_loops_ring, grunt_temple_overflow_forces_of_nature,
          serial_rivers, chequers_serial_rivers_small_a,
          chequers_serial_rivers_micro_c, chequers_serial_rivers_micro_c,
          chequers_serial_rivers_marsh, xom_teletrap_fun
D:7:      layout_loops_ring
D:8:      layout_loops_ring, minmay_misc_feat_tower, lemuel_statue_altar
D:9:      layout_loops_cross, nicolae_hepliaklqana_hazy_memory,
          erik_lair_orcish_takeover
D:10:     layout_loops_corners, erik_orc_1, uniq_fannar

Skill      XL: |  1  2  3  4  5  6  7  8  9 10 11 |
---------------+----------------------------------+-----
Poison Magic   | 4 5 6 7 9 11 12 | 12.4
Dodging        | 3 4 5 6 7 8 9 |  9.0
Invocations    | 1 4 |  4.8
Stealth        | |  2.0
Spellcasting   | |  2.0
Transmutations | |  1.0

Action                   |  1- 3 |  4- 6 |  7- 9 | 10-12 || total
-------------------------+-------+-------+-------+-------++-------
Melee: Staff             |    28 |    26 |       |       ||    54
       Dagger            |       |    17 |   142 |       ||   159
       Whip              |       |       |   140 |   162 ||   302
 Cast: Sting             |    60 |    89 |    98 |     7 ||   254
       Olgreb's Toxic Ra |       |       |    26 |    29 ||    55
  Use: Potion            |       |     3 |       |     1 ||     4
 Stab: Sleeping          |       |       |     2 |     1 ||     3
Armor: Robe              |    11 |    10 |     3 |       ||    24
       Leather armour    |       |       |    83 |    89 ||   172
Dodge: Dodged            |    35 |    52 |   225 |   165 ||   477
Block: Other             |       |       |    26 |    48 ||    74
       Reflection        |       |       |     2 |     1 ||     3

Table legend: (Time is in decaauts)
 A = Elapsed time spent in this place.
 B = Non-inter-level travel time spent in this place.
 C = Inter-level travel time spent in this place.
 D = Time resting spent in this place.
 E = Time spent auto-exploring this place.
 F = Levels seen in this place.
 G = Mean time per level.
                   A        B        C        D        E       F      G
               +--------+--------+--------+--------+--------+-----+--------+
         Total |  14311 |  13948 |    363 |    124 |  11899 |  10 | 1431.1 |
       Dungeon |  14311 |  13948 |    363 |    124 |  11899 |  10 | 1431.1 |
               +--------+--------+--------+--------+--------+-----+--------+

Top non-repeatable levels by time:
     D:5: 2237 daAuts
     D:4: 1548 daAuts
     D:2: 1507 daAuts
     D:3: 1505 daAuts
     D:1: 1458 daAuts
     D:9: 1419 daAuts
     D:7: 1303 daAuts
     D:6: 1229 daAuts
     D:8: 1183 daAuts
    D:10: 919 daAuts
